 Dungeon Crawl Stone Soup version 0.28.0-62-gf88900778d (webtiles) character file.

Game seed: 14621053445287611633

505 cbfl8 the Chopper (level 7, -7/61 HPs)
             Began as a Hill Orc Berserker on Aug 4, 2023.
             Was a Believer of Trog.
             Mangled by a gnoll shaman
             ... wielding a +0 whip
              (8 damage)
             ... on level 4 of the Dungeon.
             The game lasted 00:04:14 (4364 turns).

cbfl8 the Chopper (Hill Orc Berserker)              Turns: 4364, Time: 00:04:15

Health: -7/61      AC:  7    Str: 20    XL:     7   Next: 18%
Magic:  4/7        EV: 10    Int:  7    God:    Trog [**....]
Gold:   185        SH:  0    Dex: 12    Spells: 6/6 levels left

rFire   x . .      SeeInvis .   l - +0 war axe
rCold   + . .      Faith    .   (no shield)
rNeg    + . .      Spirit   .   f - +0 scale mail
rPois   .          Reflect  .   (no helmet)
rElec   .          Harm     .   (no cloak)
rCorr   .          Rampage  .   (no gloves)
Will    .....                   (no boots)
Stlth   ..........              (no amulet)
HPRegen 0.20/turn               j - ring of ice
MPRegen 0.10/turn               n - ring of positive energy

@: lethally poisoned (-7 -> -9), on berserk cooldown, slowed, very slow
A: no striking features
a: Renounce Religion, Berserk, Trog's Hand


You were on level 4 of the Dungeon.
You worshipped Trog.
Trog was pleased with you.
You visited 1 branch of the dungeon, and saw 4 of its levels.

You collected 185 gold pieces.

Inventory:

Hand Weapons
 l - a +0 war axe (weapon)
Missiles
 c - 3 boomerangs (quivered)
Armour
 f - a +0 scale mail (worn)
Jewellery
 j - a ring of ice (left hand)
 n - a ring of positive energy (right hand)
Wands
 d - a wand of flame (28)
 k - a wand of polymorph (4)
Scrolls
 b - 2 scrolls of fog
 g - 3 scrolls of enchant armour
 i - 2 scrolls of blinking
Potions
 e - a potion of mutation
 h - a potion of flight {unknown}
 m - a potion of attraction {unknown}
 o - a potion of heal wounds {unknown}


   Skills:
 + Level 5.5 Fighting
 + Level 7.3 Axes
 + Level 3.8 Armour
 - Level 1.5 Dodging
 + Level 0.6 Stealth
 * Level 2.9 Evocations


You had 6 spell levels left.
You didn't know any spells.
Your spell library was empty.

Dungeon Overview and Level Annotations

Branches:
Dungeon (4/15)
 Temple: D:4-7

Altars:
Uskayaw

Shops:
D:1 (


Message History

The adder is almost dead.
You barely miss the gnoll.
You feel sick.
The gnoll hits you from afar with a +0 spear.
The adder bites you.
You are more poisoned.
The adder poisons you!
The gnoll shaman calls upon its god to heal the gnoll.
The gnoll is healed somewhat.
You closely miss the adder.
The adder is almost dead.
You closely miss the gnoll.
You feel sick. The gnoll completely misses you.
The gnoll hits you from afar with a +0 spear!
The gnoll hits you but does no damage. The adder barely misses you.
Unknown command.
You are too injured to fight recklessly!
You are too injured to fight recklessly!
You hit the adder.
You kill the adder!
Trog accepts your kill.
You slash the gnoll!
You feel sick. The gnoll barely misses you.
The gnoll hits you from afar with a +0 spear.
You barely miss the gnoll. You punch the gnoll.
You kill the gnoll!
Trog accepts your kill.
You feel sick.
The gnoll hits you from afar with a +2 vampiric halberd.
The gnoll closely misses you.
You feel sick.
You closely miss the gnoll. You hit the gnoll.
You are no longer berserk.
You are exhausted.
You feel yourself slow down.
You feel sick. The gnoll closely misses you.
The gnoll hits you with a +0 spear.
* * * LOW HITPOINT WARNING * * *
You barely miss the gnoll. You hit the gnoll.
You feel sick.
The gnoll hits you with a +2 vampiric halberd!
* * * LOW HITPOINT WARNING * * *
The gnoll hits you but does no damage.
The gnoll shaman hits you with a +0 whip!
You die...

#. # ........#
###..## ........#
#...... .....^...#
#.##..#
.........######+
##.#
................ # .
...(............ #.
........gg....!. #.
.......g@....... ##
.......).†....). #
######'######## #
#......# # #......#
####### #......#####
#....##
#......#...###....##
##........).......'.
#######...###....##


You could see a gnoll shaman and 2 gnolls.

Vanquished Creatures
  A sky beast (D:3)
  A bullfrog (D:4)
  2 hounds (D:4)
  Terence (D:2)
  A bullfrog skeleton (D:2)
  Ijyb (D:3)
  Natasha (thrice) (D:3)
  2 gnolls
  2 adders
  2 adder skeletons (D:4)
  A worm (D:3)
  5 dart slugs
  An orc (D:4)
  10 endoplasms
  9 hobgoblins
  5 jackals
  3 quokkas
  5 bats
  3 frilled lizards
  8 goblins
  4 kobolds
  5 rats
75 creatures vanquished.

Notes
Turn   | Place    | Note
-------+----------+-------------------------------------------
     0 | D:1      | cbfl8 the Hill Orc Berserker began the quest for the Orb.
     0 | D:1      | Reached XP level 1. HP: 19/19 MP: 1/1
     3 | D:1      | Noticed an electric eel
     4 | D:1      | Noticed an electric eel
    80 | D:1      | Reached XP level 2. HP: 21/27 MP: 2/2
  1184 | D:1      | Reached XP level 3. HP: 30/33 MP: 3/3
  1606 | D:1      | Found Ihim's Antique Weapon Shoppe.
  1733 | D:2      | Noticed Terence
  1740 | D:2      | Reached skill level 1 in Evocations
  1742 | D:2      | Killed Terence
  1743 | D:2      | Reached skill level 5 in Axes
  1743 | D:2      | Reached XP level 4. HP: 41/41 MP: 4/4
  2562 | D:2      | Reached ** piety under Trog
  2698 | D:2      | Reached XP level 5. HP: 47/47 MP: 5/5
  3209 | D:3      | Noticed Natasha
  3211 | D:3      | Noticed a sky beast
  3212 | D:3      | Noticed Ijyb
  3217 | D:3      | Killed Natasha
  3218 | D:3      | Reached skill level 5 in Fighting
  3220 | D:3      | Killed a sky beast
  3221 | D:3      | Reached skill level 6 in Axes
  3221 | D:3      | Reached XP level 6. HP: 56/56 MP: 6/6
  3226 | D:3      | Killed Ijyb
  3380 | D:3      | Found a hide-covered altar of Uskayaw.
  3397 | D:3      | Noticed Natasha
  3413 | D:3      | Killed Natasha
  3433 | D:3      | Noticed Natasha
  3440 | D:3      | Killed Natasha
  4027 | D:4      | Reached skill level 7 in Axes
  4027 | D:4      | Reached XP level 7. HP: 34/61 MP: 7/7
  4364 | D:4      | HP: 1/61 [gnoll/+2 vampiric halberd (13)]
  4364 | D:4      | Mangled by a gnoll shaman

Illustrated notes

Levels and vault maps discovered:
D:1:      arrival_aquarium_b, layout_basic, serial_shops, shop_fountains
D:2:      layout_loops_cross, grunt_ministairs_11, minmay_crystal_water,
          uniq_terence
D:3:      layout_rooms, nicolae_uskayaw_dance_hall, corner_web_ring,
          uniq_natasha, uniq_ijyb
D:4:      layout_basic, uniq_pikel, uniq_duvessa

Skill      XL: |  1  2  3  4  5  6 |
---------------+-------------------+-----
Fighting       | 4 5 |  5.5
Evocations     | 1 2 |  2.9
Axes           | 5 6 7 |  7.3
Armour         | 3 |  3.8
Dodging        | |  1.5
Stealth        | |  0.6

Action                   |  1- 3 |  4- 6 |  7- 9 || total
-------------------------+-------+-------+-------++-------
Melee: Hand axe          |    64 |   153 |    25 ||   242
       Punch             |       |     1 |     2 ||     3
       War axe           |       |       |    13 ||    13
Invok: Berserk           |     2 |     1 |     1 ||     4
  Use: Scroll            |       |     5 |       ||     5
Armor: Animal skin       |     6 |       |       ||     6
       Scale mail        |       |    70 |    17 ||    87
Dodge: Dodged            |    43 |    67 |    26 ||   136
